 Dungeon Crawl Stone Soup version 0.20.1-1-g8b1a95d (webtiles) character file.

105 rrRat the Skirmisher (level 4, -10/41 HPs)
             Began as a Draconian Berserker on Nov 8, 2017.
             Was a Believer of Trog.
             Mangled by rrRat's ghost (20 damage)
             ... on level 3 of the Dungeon.
             The game lasted 00:03:39 (1210 turns).

rrRat the Skirmisher (Draconian Berserker)          Turns: 1210, Time: 00:03:40

Health: -10/41     AC:  5    Str: 20    XL:     4   Next: 53%
Magic:  4/4        EV: 13    Int:  7    God:    Trog [**....]
Gold:   108        SH:  0    Dex: 11    Spells: 3/3 levels left

rFire    . . .     SeeInvis .   f - +1 flail (drain)
rCold    . . .     Gourm    .   (no shield)
rNeg     . . .     Faith    .   (armour unavailable)
rPois    .         Spirit   .   (helmet restricted)
rElec    .         Reflect  .   (no cloak)
rCorr    .         Harm     .   (no gloves)
MR       ++...                  (no boots)
Stlth    +.........             (no amulet)
Regen    1.2/turn               (no ring)
MPRegen  0.1/turn               (no ring)

@: regenerating
A: unfitting armour, cold-blooded, AC +5
a: Berserk, Trog's Hand, Burn Spellbooks, Renounce Religion


You were on level 3 of the Dungeon.
You worshipped Trog.
Trog was pleased with you.
You were very hungry.

You visited 1 branch of the dungeon, and saw 3 of its levels.

You collected 108 gold pieces.

Inventory:

Hand Weapons
 f - a +1 flail of draining (weapon)
Missiles
 i - 6 javelins (quivered)
Jewellery
 e - an uncursed ring of resist corrosion {unknown}
Scrolls
 a - 2 scrolls of remove curse {unknown}
 g - a scroll of identify {unknown}
 h - a scroll of enchant armour {unknown}
 k - a scroll of random uselessness {unknown}
Potions
 c - a potion of haste {unknown}
 d - 3 potions of heal wounds {unknown}
 j - a potion of curing {unknown}
Comestibles
 b - 2 bread rations


   Skills:
 * Level 4.6 Fighting
 - Level 3.0 Maces & Flails
 * Level 3.9 Dodging
 + Level 0.6 Stealth


You had 3 spell levels left.
You didn't know any spells.

Dungeon Overview and Level Annotations

Branches:
Dungeon (3/15)

Altars:

Annotations:
D:3 rrRat's ghost, amateur DrBe


Innate Abilities, Weirdness & Mutations

Your plain brown scales are hard. (AC +5)
You cannot fit into any form of body armour.
You are cold-blooded and may be slowed by cold attacks.


Message History

RrRat's ghost misses you.
You hit rrRat's ghost but do no damage.
RrRat's ghost is heavily damaged.
RrRat's ghost hits you!
You closely miss rrRat's ghost.
Your tail-slap misses rrRat's ghost.
RrRat's ghost is heavily damaged.
RrRat's ghost hits you!!
* * * LOW HITPOINT WARNING * * *
You hit rrRat's ghost but do no damage.
RrRat's ghost is heavily damaged.
RrRat's ghost hits you but does no damage.
RrRat's ghost barely misses you.
You sock rrRat's ghost!
RrRat's ghost is severely damaged.
RrRat's ghost closely misses you.
You barely miss rrRat's ghost.
You tail-slap rrRat's ghost, but do no damage.
RrRat's ghost is severely damaged.
RrRat's ghost hits you!!
You die...

#.#...........†.
#.#..###....####
.######.#..###...†####
..................'...
######.#.........##.#
#.##..#.....##.#
#.###.#.....##.#
#####.# #.#.....##.#
#.W@..# #...######.#
#.##### ##..# #.# #
#..# #.# ##.## #.#
#<.#####.# ##.#......
#...###.# ##..#....
#..#.#.#


You could see rrRat's ghost.

Vanquished Creatures
  4 gnolls
  2 adders
  An ooze (D:2)
  2 worms (D:3)
  A leopard gecko (D:2)
  A giant cockroach (D:2)
  A goblin (D:2)
  3 hobgoblins (D:2)
  6 jackals
  6 kobolds
  A quokka (D:2)
  7 bats
  2 frilled lizards
  2 rats
39 creatures vanquished.

Notes
Turn   | Place    | Note
-------+----------+-------------------------------------------
     0 | D:1      | rrRat the Draconian Berserker began the quest for the Orb.
     0 | D:1      | Reached XP level 1. HP: 19/19 MP: 1/1
    42 | D:1      | Reached XP level 2. HP: 11/26 MP: 2/2
    85 | D:1      | You fall through a shaft!
   183 | D:2      | Reached skill level 4 in Fighting
   183 | D:2      | Reached XP level 3. HP: 8/33 MP: 3/3
   734 | D:2      | Reached XP level 4. HP: 41/41 MP: 4/4
   780 | D:2      | Reached ** piety under Trog
  1203 | D:3      | Noticed rrRat's ghost (amateur DrBe)
  1210 | D:3      | Mangled by rrRat's ghost

Skill      XL: |  1  2 |
---------------+-------+-----
Dodging        | 3 |  3.9
Fighting       | 4 |  4.6
Maces & Flails | |  3.0
Stealth        | |  0.6

Action                   |  1- 3 |  4- 6 || total
-------------------------+-------+-------++-------
Melee: Mace              |     5 |       ||     5
       Tailslap          |     9 |     6 ||    15
       Flail             |    48 |    39 ||    87
Invok: Berserk           |     1 |       ||     1
       Trog's Hand       |       |     1 ||     1
  Eat: Chunk             |       |     1 ||     1
Armor: Skin              |    16 |     9 ||    25
Dodge: Dodged            |    35 |    26 ||    61
